Login

Philadelphia Flyers vs Montreal Canadiens

Created - 08 May 2024 at 23:08

Goals
1 2 3 T
Philadelphia Flyers 0 1 1 2
Montreal Canadiens 0 0 3 3
Shots
1 2 3 T
Philadelphia Flyers 8 15 13 36
Montreal Canadiens 14 9 13 36

GoalsPenalties
1st period
No Goal
Travis Hamonic (PHI) for Tripping (Minor) at 5:09
Nick Ritchie (PHI) for Cross-checking (Minor) at 7:47
2nd period
1. Philadelphia Flyers , Scott Laughton 4 (Ryan Donato 3, Mark Kastelic 4) at 7:09
Joel Armia (MTL) for Slashing (Minor) at 9:09
Travis Sanheim (PHI) for Delaying the game (Minor) at 14:12
3rd period
2. Montreal Canadiens , Rafael Harvey-Pinard 10 (Matt Benning 9, Cole Caufield 11) at 0:55
3. Montreal Canadiens , Christian Dvorak 4 (Vladislav Namestnikov 3, Tanner Pearson 2) at 4:34
4. Montreal Canadiens , Derick Brassard 10 (Mike Matheson 21, Sean Monahan 12) at 7:56 (PP)
5. Philadelphia Flyers , Noah Cates 6 (Scott Laughton 9, Caleb Jones 7) at 18:05
Vince Dunn (PHI) for Tripping (Minor) at 7:45
Felix Sandstrom (PHI) for Slashing (Minor) at 18:38 - Sean Walker served the penalty
Goalie Stats
Felix Sandstrom (PHI), 33 saves from 36 shots - (0.917), L, 1-2-0, 60:00 minutes
Sam Montembeault (MTL), 34 saves from 36 shots - (0.944), W, 5-2-0, 60:00 minutes
3 StarsOfficial
1 - Scott Laughton (PHI)
2 - Sam Montembeault (MTL)
3 - Noah Cates (PHI)
Referees : Tim Peel and Dan O'Rourke
Linesman : Kory Nagy and Neil Campbell
Game Note
No Game Note
Finance
Level 1 -- Attendance: 3730 (62.17%) -- Ticket Income $428,950
Level 2 -- Attendance: 3284 (65.68%) -- Ticket Income $229,880
Level 3 -- Attendance: 1395 (69.75%) -- Ticket Income $55,800
Level 4 -- Attendance: 2579 (64.48%) -- Ticket Income $77,370
Luxury Box -- Attendance: 659 (65.90%) -- Ticket Income $164,091
Game was played at the Bell Centre.
Total Attendance: 11647 (64.71%)
Total Ticket Income: $956,091
Other Income: $468,485
Total Income: $1,424,576



Team Name Goals Shots Shots Attemp Shots Blocked PIM HIT PP PK FO%
Philadelphia Flyers 236741010230 / 1 (0%)163%
Montreal Canadiens 33665142171 / 5 (20%)037%

Philadelphia Flyers
Player Name POS G A P +/- PIM HIT SHT SB MP PP MP PP SHT PK MP PK SHT FO% FOT GA TA
Anthony DuclairRW000000008:100:0000:0000% 000
Caleb JonesD0111010019:350:0005:0700% 001
Cam YorkD000-1011020:261:1403:4300% 010
Christian FischerRW0002012015:110:0000:0000% 000
Garnet HathawayRW000-1010013:120:0000:0000% 000
Joel FarabeeLW000-1013015:030:5300:5800% 000
Josh NorrisC000-1008016:330:0002:11070% 1030
Mark KastelicC0110000012:480:0004:38069% 1300
Miles WoodLW000-1021013:430:0000:0000% 000
Morgan FrostC000-1010114:181:0600:00046% 1300
Nick RitchieLW000-1225114:481:0600:0000% 001
Noah CatesLW1012016019:211:0602:4800% 010
Ryan DonatoLW0110034113:030:5304:2310% 000
Scott LaughtonC1122004016:040:5300:00065% 2301
Sean WalkerD0001010218:140:0003:4600% 001
Travis HamonicD0000250123:030:4500:4600% 000
Travis SanheimD000-1210317:090:4501:2600% 000
Vince DunnD0000222121:461:1400:1000% 021
Montreal Canadiens
Player Name POS G A P +/- PIM HIT SHT SB MP PP MP PP SHT PK MP PK SHT FO% FOT GA TA
Alex NewhookLW0000001116:273:0100:0800% 001
Alexander EdlerD0000033122:252:4700:5500% 000
Christian DvorakC101000408:350:0000:0800% 000
Cole CaufieldRW0110004016:193:0110:0000% 000
Derick BrassardC1010021117:024:2810:58050% 400
Joel ArmiaRW0000200217:100:0000:0000% 100
Johnathan KovacevicD0001011220:054:4201:0400% 001
Jordan HarrisD000-1000017:300:0000:0000% 000
Josh AndersonRW0000015021:494:2810:00035% 2610
Josh BaileyRW0000001011:250:0000:0000% 100
Kaiden GuhleD0001002113:360:0000:0000% 001
Kirby DachC0000011017:133:0100:53058% 1201
Matt BenningD0110002222:252:4700:5500% 001
Mike MathesonD011-1003123:594:4201:0400% 000
Rafael Harvey-PinardLW1010022012:170:0000:5100% 030
Sean MonahanC0110004222:494:2801:00020% 1011
Tanner PearsonLW011006008:270:0000:0000% 000
Vladislav NamestnikovC011001218:270:0000:00040% 501

Philadelphia Flyers

5 vs 5 Forward
Line #Left WingCenterRight WingPHYDFOFWanted %Time %Time Play
1Noah CatesScott LaughtonChristian Fischer1223230%15:11
2Joel FarabeeMorgan FrostGarnet Hathaway1223027%13:28
3Nick RitchieJosh NorrisMiles Wood1222827%13:43
4Ryan DonatoMark KastelicAnthony Duclair1221016%8:10
5 vs 5 Defense
Line #DefenseDefensePHYDFOFWanted %Time %Time Play
1Vince DunnTravis Hamonic1224041%20:49
2Travis SanheimCam York1223031%15:41
3Sean WalkerCaleb Jones1222020%10:03
4Sean WalkerCaleb Jones122108%3:59
Power Play Forward
Line #Left WingCenterRight WingPHYDFOFWanted %Time %Time Play
1Noah CatesMorgan FrostNick Ritchie1226055%1:06
2Joel FarabeeScott LaughtonRyan Donato1224045%0:53
Power Play Defense
Line #DefenseDefensePHYDFOFWanted %Time %Time Play
1Vince DunnCam York1226062%1:14
2Travis SanheimTravis Hamonic1224038%0:45
Penalty Kill 4 Players Forward
Line #CenterWingPHYDFOFWanted %Time %Time Play
1Mark KastelicRyan Donato1226071%5:18
2Josh NorrisNoah Cates1224029%2:11
Penalty Kill 4 Players Defense
Line #DefenseDefensePHYDFOFWanted %Time %Time Play
1Sean WalkerCaleb Jones1226068%5:07
2Travis SanheimCam York1224032%2:22
Penalty Kill 3 Players
Line #WingPHYDFOFWanted %Time %Time PlayDefenseDefensePHYDFOFWanted %Time %Time Play
1Mark Kastelic122600%0:00 Sean WalkerCaleb Jones122600%0:00
2Josh Norris122400%0:00 Travis SanheimCam York122400%0:00
4 vs 4 Forward
Line #CenterWingPHYDFOFWanted %Time %Time Play
1Morgan FrostJoel Farabee122600%0:00
2Scott LaughtonNoah Cates122400%0:00
4 vs 4 Defense
Line #DefensePHYDFOFWanted %Time %Time Play
1Vince DunnCam York122600%0:00
2Travis SanheimTravis Hamonic122400%0:00
Last Minutes Offensive
Left WingCenterRight WingDefenseDefense
Noah CatesScott LaughtonJoel FarabeeVince DunnCam York
Last Minutes Defensive
Left WingCenterRight WingDefenseDefense
Noah CatesScott LaughtonGarnet HathawayTravis SanheimTravis Hamonic
Time
Total ForwardTotal DefenseLast Minutes OffensiveLast Minutes Defensive
60:00 60:00 0:000:00
Extra Forwards
Normal PowerPlayPenalty Kill
Josh Norris, Morgan Frost, Joel FarabeeJosh Norris, Morgan FrostJoel Farabee
Extra Defensemen
Normal PowerPlayPenalty Kill
Travis Sanheim, Cam York, Travis HamonicTravis Sanheim, Cam YorkTravis Hamonic
Penalty Shots
Morgan Frost, Ryan Donato, Nick Ritchie, Anthony Duclair, Vince Dunn
Goalie
Felix Sandstrom, Samuel Ersson
Custom OT Lines Forwards
Scott Laughton, Noah Cates, Morgan Frost, Joel Farabee, Nick Ritchie, Christian Fischer, Garnet Hathaway, Ryan Donato, Miles Wood, Josh Norris
Custom OT Lines Defensemen
Vince Dunn, Cam York, Travis Sanheim, Travis Hamonic, Sean Walker
Scratches
Jack Drury (Healthy), Egor Zamula (Healthy)

Montreal Canadiens

5 vs 5 Forward
Line #Left WingCenterRight WingPHYDFOFWanted %Time %Time Play
1Sean MonahanJosh AndersonJoel Armia1134234%17:22
2Alex NewhookKirby DachCole Caufield2123226%13:18
3Rafael Harvey-PinardDerick BrassardJosh Bailey2212023%11:25
4Christian DvorakVladislav NamestnikovTanner Pearson131617%8:27
5 vs 5 Defense
Line #DefenseDefensePHYDFOFWanted %Time %Time Play
1Mike MathesonJordan Harris1223636%18:13
2Matt BenningAlexander Edler2213637%18:43
3Johnathan KovacevicKaiden Guhle2302827%13:36
4Jordan HarrisMike Matheson12200%0:00
Power Play Forward
Line #Left WingCenterRight WingPHYDFOFWanted %Time %Time Play
1Derick BrassardSean MonahanJosh Anderson1046360%4:28
2Alex NewhookKirby DachCole Caufield0233740%3:01
Power Play Defense
Line #DefenseDefensePHYDFOFWanted %Time %Time Play
1Mike MathesonJohnathan Kovacevic1226363%4:42
2Matt BenningAlexander Edler1223737%2:47
Penalty Kill 4 Players Forward
Line #CenterWingPHYDFOFWanted %Time %Time Play
1Derick BrassardSean Monahan1406093%1:51
2Kirby DachAlex Newhook140407%0:08
Penalty Kill 4 Players Defense
Line #DefenseDefensePHYDFOFWanted %Time %Time Play
1Johnathan KovacevicMike Matheson2306054%1:04
2Matt BenningAlexander Edler2304046%0:55
Penalty Kill 3 Players
Line #WingPHYDFOFWanted %Time %Time PlayDefenseDefensePHYDFOFWanted %Time %Time Play
1Derick Brassard140560%0:00 Johnathan KovacevicMike Matheson140570%0:00
2Kirby Dach140440%0:00 Matt BenningAlexander Edler140430%0:00
4 vs 4 Forward
Line #CenterWingPHYDFOFWanted %Time %Time Play
1Derick BrassardSean Monahan122630%0:00
2Kirby DachAlex Newhook113370%0:00
4 vs 4 Defense
Line #DefensePHYDFOFWanted %Time %Time Play
1Mike MathesonJohnathan Kovacevic221630%0:00
2Matt BenningAlexander Edler221370%0:00
Last Minutes Offensive
Left WingCenterRight WingDefenseDefense
Sean MonahanJosh AndersonJoel ArmiaMike MathesonMatt Benning
Last Minutes Defensive
Left WingCenterRight WingDefenseDefense
Sean MonahanJosh AndersonJoel ArmiaMike MathesonMatt Benning
Time
Total ForwardTotal DefenseLast Minutes OffensiveLast Minutes Defensive
60:00 60:00 0:000:00
Extra Forwards
Normal PowerPlayPenalty Kill
Derick Brassard, Kirby Dach, Sean MonahanDerick Brassard, Kirby DachDerick Brassard
Extra Defensemen
Normal PowerPlayPenalty Kill
Alexander Edler, Johnathan Kovacevic, Kaiden GuhleAlexander Edler, Alexander EdlerJohnathan Kovacevic
Penalty Shots
Sean Monahan, Kirby Dach, Alex Newhook, Cole Caufield, Derick Brassard
Goalie
Sam Montembeault, Jake Allen
Custom OT Lines Forwards
Josh Anderson, Kirby Dach, Joel Armia, Cole Caufield, Derick Brassard, Rafael Harvey-Pinard, Sean Monahan, Josh Bailey, Vladislav Namestnikov, Alex Newhook
Custom OT Lines Defensemen
Kaiden Guhle, Mike Matheson, Matt Benning, Alexander Edler, Johnathan Kovacevic
Scratches
Tyson Feist (Healthy), Gustav Lindstrom (Healthy), Filip Mesar (Healthy), Jan Mysak (Healthy), Michael Pezzetta (Healthy) David Savard (Back Surgery Injury), Jayden Struble (Healthy), Nick Suzuki (Healthy), Darion Hanson (Healthy)


Play-by-Play

1st period


0:01 of 1st period - Scott Laughton wins face-off versus Josh Anderson in neutral zone.
0:14 of 1st period - Wrist shot by Sean Monahan.
0:14 of 1st period - Shot Misses the Net.
0:16 of 1st period - Slapshot by Josh Anderson.
0:16 of 1st period - Stopped by Felix Sandstrom without a rebound.
0:17 of 1st period - Kirby Dach wins face-off versus Morgan Frost in Philadelphia Flyers zone.
0:22 of 1st period - Wrist shot by Cole Caufield.
0:22 of 1st period - Shot Misses the Net.
0:44 of 1st period - Cam York is hit by Alexander Edler and loses puck.
0:49 of 1st period - Slapshot by Rafael Harvey-Pinard.
0:49 of 1st period - Shot Misses the Net.
0:51 of 1st period - Snap shot by Rafael Harvey-Pinard.
0:51 of 1st period - Deflect By Josh Bailey.
0:51 of 1st period - Stopped by Felix Sandstrom with a rebound.
1:18 of 1st period - Snap shot by Ryan Donato.
1:18 of 1st period - Deflect By Sean Monahan.
1:18 of 1st period - Shot Blocked by Kaiden Guhle.
1:18 of 1st period - Puck is out of play.
1:19 of 1st period - Scott Laughton wins face-off versus Vladislav Namestnikov in Montreal Canadiens zone.
1:22 of 1st period - Snap shot by Scott Laughton.
1:22 of 1st period - Stopped by Sam Montembeault with a rebound.
1:32 of 1st period - Caleb Jones is hit by Tanner Pearson and loses puck.
2:11 of 1st period - Josh Bailey is hit by Miles Wood and loses puck.
2:30 of 1st period - Icing by Josh Anderson.
2:31 of 1st period - Josh Anderson wins face-off versus Mark Kastelic in Montreal Canadiens zone.
2:31 of 1st period - Josh Anderson is hit by Travis Hamonic.
2:58 of 1st period - Wrist shot by Cole Caufield.
2:58 of 1st period - Shot Blocked by Travis Hamonic.
3:00 of 1st period - Slapshot by Alex Newhook.
3:00 of 1st period - Stopped by Felix Sandstrom without a rebound.
3:01 of 1st period - Kirby Dach wins face-off versus Morgan Frost in Philadelphia Flyers zone.
3:04 of 1st period - Snap shot by Cole Caufield.
3:04 of 1st period - Shot Misses the Net.
4:37 of 1st period - Ryan Donato is hit by Tanner Pearson and loses puck.
5:09 of 1st period - Minor Penalty to Travis Hamonic for Tripping.
5:10 of 1st period - Mark Kastelic wins face-off versus Derick Brassard in Philadelphia Flyers zone.
5:26 of 1st period - Wrist shot by Josh Anderson.
5:26 of 1st period - Stopped by Felix Sandstrom without a rebound.
5:27 of 1st period - Sean Monahan wins face-off versus Mark Kastelic in Philadelphia Flyers zone.
5:28 of 1st period - Wrist shot by Derick Brassard.
5:28 of 1st period - Shot Hit the Post.
5:44 of 1st period - Caleb Jones is hit by Josh Anderson.
6:02 of 1st period - Wrist shot by Cole Caufield.
6:02 of 1st period - Shot Misses the Net.
7:09 of 1st period - Penalty to Travis Hamonic is over, Travis Hamonic is back on ice.
7:23 of 1st period - Wrist shot by Vladislav Namestnikov.
7:23 of 1st period - Stopped by Felix Sandstrom without a rebound.
7:24 of 1st period - Josh Norris wins face-off versus Vladislav Namestnikov in Philadelphia Flyers zone.
7:35 of 1st period - Slapshot by Vince Dunn.
7:35 of 1st period - Shot Misses the Net.
7:47 of 1st period - Minor Penalty to Nick Ritchie for Cross-checking.
7:48 of 1st period - Mark Kastelic wins face-off versus Sean Monahan in Philadelphia Flyers zone.
8:25 of 1st period - Snap shot by Cole Caufield.
8:25 of 1st period - Stopped by Felix Sandstrom with a rebound.
8:46 of 1st period - Icing by Sean Monahan.
8:47 of 1st period - Sean Monahan wins face-off versus Josh Norris in Montreal Canadiens zone.
8:54 of 1st period - Wrist shot by Josh Norris.
8:54 of 1st period - Shot Blocked by Alex Newhook.
9:22 of 1st period - Ryan Donato is hit by Derick Brassard and loses puck.
9:47 of 1st period - Penalty to Nick Ritchie is over, Nick Ritchie is back on ice.
10:07 of 1st period - Caleb Jones is hit by Vladislav Namestnikov and loses puck.
10:22 of 1st period - Slapshot by Alexander Edler.
10:22 of 1st period - Stopped by Felix Sandstrom with a rebound.
10:45 of 1st period - Snap shot by Josh Norris.
10:45 of 1st period - Shot Misses the Net.
11:45 of 1st period - Derick Brassard is hit by Ryan Donato and loses puck.
12:18 of 1st period - Snap shot by Josh Norris.
12:18 of 1st period - Deflect By Kirby Dach.
12:18 of 1st period - Stopped by Sam Montembeault with a rebound.
12:35 of 1st period - Joel Farabee is hit by Tanner Pearson and loses puck.
12:59 of 1st period - Josh Anderson is hit by Cam York and loses puck.
13:04 of 1st period - Slapshot by Vince Dunn.
13:04 of 1st period - Shot Blocked by Joel Armia.
13:06 of 1st period - Wrist shot by Ryan Donato.
13:06 of 1st period - Shot Blocked by Sean Monahan.
13:22 of 1st period - Derick Brassard is hit by Vince Dunn and loses puck.
13:53 of 1st period - Snap shot by Josh Norris.
13:53 of 1st period - Deflect By Cole Caufield.
13:53 of 1st period - Stopped by Sam Montembeault without a rebound.
13:54 of 1st period - Morgan Frost wins face-off versus Josh Anderson in Montreal Canadiens zone.
13:59 of 1st period - Slapshot by Joel Farabee.
13:59 of 1st period - Stopped by Sam Montembeault with a rebound.
14:24 of 1st period - Off-side.
14:25 of 1st period - Scott Laughton wins face-off versus Josh Anderson in neutral zone.
14:38 of 1st period - Backhand shot by Scott Laughton.
14:38 of 1st period - Shot Misses the Net.
14:50 of 1st period - Matt Benning is hit by Garnet Hathaway and loses puck.
14:57 of 1st period - Wrist shot by Cole Caufield.
14:57 of 1st period - Shot Hit the Post.
14:59 of 1st period - Slapshot by Kaiden Guhle.
14:59 of 1st period - Stopped by Felix Sandstrom with a rebound.
15:01 of 1st period - Slapshot by Johnathan Kovacevic.
15:01 of 1st period - Stopped by Felix Sandstrom with a rebound.
15:13 of 1st period - Snap shot by Josh Norris.
15:13 of 1st period - Deflect By Johnathan Kovacevic.
15:13 of 1st period - Stopped by Sam Montembeault without a rebound.
15:14 of 1st period - Derick Brassard wins face-off versus Josh Norris in Montreal Canadiens zone.
15:27 of 1st period - Wrist shot by Rafael Harvey-Pinard.
15:27 of 1st period - Stopped by Felix Sandstrom with a rebound.
15:37 of 1st period - Wrist shot by Josh Norris.
15:37 of 1st period - Stopped by Sam Montembeault with a rebound.
16:21 of 1st period - Slapshot by Josh Norris.
16:21 of 1st period - Shot Misses the Net.
16:23 of 1st period - Snap shot by Miles Wood.
16:23 of 1st period - Shot Misses the Net.
16:43 of 1st period - Slapshot by Mike Matheson.
16:43 of 1st period - Stopped by Felix Sandstrom with a rebound.
16:45 of 1st period - Slapshot by Mike Matheson.
16:45 of 1st period - Stopped by Felix Sandstrom with a rebound.
16:47 of 1st period - Snap shot by Josh Bailey.
16:47 of 1st period - Shot Misses the Net.
16:59 of 1st period - Wrist shot by Rafael Harvey-Pinard.
16:59 of 1st period - Shot Misses the Net.
17:15 of 1st period - Wrist shot by Josh Norris.
17:15 of 1st period - Stopped by Sam Montembeault without a rebound.
17:16 of 1st period - Josh Anderson wins face-off versus Scott Laughton in Montreal Canadiens zone.
17:16 of 1st period - Josh Anderson is hit by Travis Hamonic.
17:26 of 1st period - Wrist shot by Josh Anderson.
17:26 of 1st period - Stopped by Felix Sandstrom with a rebound.
17:28 of 1st period - Slapshot by Sean Monahan.
17:28 of 1st period - Stopped by Felix Sandstrom without a rebound.
17:29 of 1st period - Scott Laughton wins face-off versus Joel Armia in Philadelphia Flyers zone.
17:50 of 1st period - Alexander Edler is hit by Travis Hamonic.
18:26 of 1st period - Mark Kastelic is hit by Tanner Pearson and loses puck.
18:33 of 1st period - Wrist shot by Vladislav Namestnikov.
18:33 of 1st period - Shot Misses the Net.
18:45 of 1st period - Slapshot by Ryan Donato.
18:45 of 1st period - Stopped by Sam Montembeault with a rebound.
19:05 of 1st period - Morgan Frost is hit by Johnathan Kovacevic and loses puck.
19:32 of 1st period - Icing by Travis Sanheim.
19:33 of 1st period - Morgan Frost wins face-off versus Josh Anderson in Philadelphia Flyers zone.
Goals for this period are 0 for Philadelphia Flyers vs 0 for Montreal Canadiens.
Shots for this period are 8 for Philadelphia Flyers vs 14 for Montreal Canadiens.

2nd period


0:01 of 2nd period - Scott Laughton wins face-off versus Josh Anderson in neutral zone.
0:04 of 2nd period - Wrist shot by Noah Cates.
0:04 of 2nd period - Shot Blocked by Joel Armia.
0:49 of 2nd period - Wrist shot by Josh Norris.
0:49 of 2nd period - Shot Blocked by Johnathan Kovacevic.
1:13 of 2nd period - Snap shot by Ryan Donato.
1:13 of 2nd period - Stopped by Sam Montembeault without a rebound.
1:14 of 2nd period - Josh Anderson wins face-off versus Mark Kastelic in Montreal Canadiens zone.
1:14 of 2nd period - Josh Anderson is hit by Ryan Donato.
1:44 of 2nd period - Wrist shot by Mark Kastelic.
1:44 of 2nd period - Shot Misses the Net.
1:54 of 2nd period - Snap shot by Derick Brassard.
1:54 of 2nd period - Deflect By Rafael Harvey-Pinard.
1:54 of 2nd period - Shot Misses the Net.
1:54 of 2nd period - Puck is out of play.
1:55 of 2nd period - Scott Laughton wins face-off versus Josh Anderson in Philadelphia Flyers zone.
2:06 of 2nd period - Snap shot by Noah Cates.
2:06 of 2nd period - Stopped by Sam Montembeault with a rebound.
2:08 of 2nd period - Slapshot by Cam York.
2:08 of 2nd period - Shot Misses the Net.
2:10 of 2nd period - Slapshot by Cam York.
2:10 of 2nd period - Shot Misses the Net.
2:12 of 2nd period - Wrist shot by Noah Cates.
2:12 of 2nd period - Stopped by Sam Montembeault with a rebound.
2:42 of 2nd period - Vince Dunn is hit by Derick Brassard and loses puck.
3:08 of 2nd period - Slapshot by Vince Dunn.
3:08 of 2nd period - Shot Misses the Net.
3:32 of 2nd period - Slapshot by Matt Benning.
3:32 of 2nd period - Deflect By Scott Laughton.
3:32 of 2nd period - Stopped by Felix Sandstrom with a rebound.
3:34 of 2nd period - Snap shot by Sean Monahan.
3:34 of 2nd period - Stopped by Felix Sandstrom with a rebound.
3:36 of 2nd period - Snap shot by Alexander Edler.
3:36 of 2nd period - Deflect By Christian Fischer.
3:36 of 2nd period - Stopped by Felix Sandstrom without a rebound.
3:37 of 2nd period - Morgan Frost wins face-off versus Kirby Dach in Philadelphia Flyers zone.
3:50 of 2nd period - Kirby Dach is hit by Caleb Jones and loses puck.
5:13 of 2nd period - Snap shot by Sean Monahan.
5:13 of 2nd period - Stopped by Felix Sandstrom without a rebound.
5:14 of 2nd period - Kirby Dach wins face-off versus Morgan Frost in Philadelphia Flyers zone.
5:22 of 2nd period - Snap shot by Cole Caufield.
5:22 of 2nd period - Shot Blocked by Travis Sanheim.
5:38 of 2nd period - Joel Armia is hit by Joel Farabee.
6:23 of 2nd period - Snap shot by Cole Caufield.
6:23 of 2nd period - Shot Blocked by Sean Walker.
6:45 of 2nd period - Slapshot by Mike Matheson.
6:45 of 2nd period - Shot Misses the Net.
6:47 of 2nd period - Slapshot by Mike Matheson.
6:47 of 2nd period - Stopped by Felix Sandstrom with a rebound.
6:49 of 2nd period - Wrist shot by Sean Monahan.
6:49 of 2nd period - Shot Misses the Net.
7:09 of 2nd period - Backhand shot by Scott Laughton.
7:09 of 2nd period - Goal by Scott Laughton - Philadelphia Flyers : 1 - Montreal Canadiens : 0.
7:10 of 2nd period - Scott Laughton wins face-off versus Sean Monahan in neutral zone.
7:15 of 2nd period - Alexander Edler is hit by Noah Cates and loses puck.
8:02 of 2nd period - Kaiden Guhle is hit by Miles Wood and loses puck.
8:25 of 2nd period - Wrist shot by Josh Norris.
8:25 of 2nd period - Stopped by Sam Montembeault with a rebound.
8:27 of 2nd period - Slapshot by Caleb Jones.
8:27 of 2nd period - Shot Blocked by Vladislav Namestnikov.
8:29 of 2nd period - Wrist shot by Vince Dunn.
8:29 of 2nd period - Deflect By Nick Ritchie.
8:29 of 2nd period - Stopped by Sam Montembeault with a rebound.
8:31 of 2nd period - Wrist shot by Vince Dunn.
8:31 of 2nd period - Stopped by Sam Montembeault without a rebound.
8:32 of 2nd period - Scott Laughton wins face-off versus Josh Anderson in Montreal Canadiens zone.
8:35 of 2nd period - Wrist shot by Noah Cates.
8:35 of 2nd period - Shot Misses the Net.
8:37 of 2nd period - Snap shot by Scott Laughton.
8:37 of 2nd period - Stopped by Sam Montembeault with a rebound.
8:39 of 2nd period - Backhand shot by Vince Dunn.
8:39 of 2nd period - Shot Misses the Net.
8:41 of 2nd period - Slapshot by Noah Cates.
8:41 of 2nd period - Stopped by Sam Montembeault with a rebound.
8:43 of 2nd period - Wrist shot by Noah Cates.
8:43 of 2nd period - Shot Misses the Net.
8:45 of 2nd period - Slapshot by Christian Fischer.
8:45 of 2nd period - Stopped by Sam Montembeault without a rebound.
8:46 of 2nd period - Scott Laughton wins face-off versus Josh Anderson in Montreal Canadiens zone.
8:51 of 2nd period - Slapshot by Noah Cates.
8:51 of 2nd period - Shot Misses the Net.
8:53 of 2nd period - Snap shot by Noah Cates.
8:53 of 2nd period - Shot Misses the Net.
8:55 of 2nd period - Snap shot by Scott Laughton.
8:55 of 2nd period - Shot Misses the Net.
9:09 of 2nd period - Minor Penalty to Joel Armia for Slashing.
9:10 of 2nd period - Derick Brassard wins face-off versus Morgan Frost in Montreal Canadiens zone.
9:25 of 2nd period - Snap shot by Sean Monahan.
9:25 of 2nd period - Shot Misses the Net.
9:27 of 2nd period - Slapshot by Johnathan Kovacevic.
9:27 of 2nd period - Shot Misses the Net.
11:09 of 2nd period - Penalty to Joel Armia is over, Joel Armia is back on ice.
11:20 of 2nd period - Tanner Pearson is hit by Travis Hamonic.
12:40 of 2nd period - Morgan Frost is hit by Alexander Edler and loses puck.
12:57 of 2nd period - Wrist shot by Cole Caufield.
12:57 of 2nd period - Deflect By Nick Ritchie.
12:57 of 2nd period - Stopped by Felix Sandstrom with a rebound.
13:07 of 2nd period - Mike Matheson is hit by Ryan Donato and loses puck.
13:24 of 2nd period - Mike Matheson is hit by Christian Fischer and loses puck.
13:41 of 2nd period - Miles Wood is hit by Tanner Pearson and loses puck.
13:51 of 2nd period - Icing by Tanner Pearson.
13:52 of 2nd period - Mark Kastelic wins face-off versus Vladislav Namestnikov in Montreal Canadiens zone.
14:12 of 2nd period - Minor Penalty to Travis Sanheim for Delaying the game.
14:13 of 2nd period - Mark Kastelic wins face-off versus Sean Monahan in Philadelphia Flyers zone.
15:54 of 2nd period - Icing by Mike Matheson.
15:55 of 2nd period - Kirby Dach wins face-off versus Mark Kastelic in Montreal Canadiens zone.
16:12 of 2nd period - Penalty to Travis Sanheim is over, Travis Sanheim is back on ice.
16:14 of 2nd period - Johnathan Kovacevic is hit by Travis Hamonic and loses puck.
17:09 of 2nd period - Icing by Alexander Edler.
17:10 of 2nd period - Vladislav Namestnikov wins face-off versus Scott Laughton in Montreal Canadiens zone.
17:15 of 2nd period - Noah Cates is hit by Tanner Pearson and loses puck.
17:44 of 2nd period - Snap shot by Kirby Dach.
17:44 of 2nd period - Shot Misses the Net.
17:46 of 2nd period - Slapshot by Kirby Dach.
17:46 of 2nd period - Shot Misses the Net.
18:35 of 2nd period - Off-side.
18:36 of 2nd period - Vladislav Namestnikov wins face-off versus Morgan Frost in neutral zone.
18:39 of 2nd period - Slapshot by Christian Dvorak.
18:39 of 2nd period - Stopped by Felix Sandstrom with a rebound.
19:08 of 2nd period - Snap shot by Christian Dvorak.
19:08 of 2nd period - Stopped by Felix Sandstrom with a rebound.
19:21 of 2nd period - Snap shot by Christian Dvorak.
19:21 of 2nd period - Stopped by Felix Sandstrom without a rebound.
19:22 of 2nd period - Josh Norris wins face-off versus Josh Anderson in Philadelphia Flyers zone.
19:31 of 2nd period - Wrist shot by Josh Norris.
19:31 of 2nd period - Stopped by Sam Montembeault with a rebound.
19:33 of 2nd period - Snap shot by Nick Ritchie.
19:33 of 2nd period - Shot Blocked by Matt Benning.
19:35 of 2nd period - Slapshot by Cam York.
19:35 of 2nd period - Stopped by Sam Montembeault with a rebound.
19:39 of 2nd period - Slapshot by Josh Norris.
19:39 of 2nd period - Stopped by Sam Montembeault without a rebound.
19:40 of 2nd period - Scott Laughton wins face-off versus Kirby Dach in Montreal Canadiens zone.
19:43 of 2nd period - Snap shot by Scott Laughton.
19:43 of 2nd period - Stopped by Sam Montembeault with a rebound.
19:45 of 2nd period - Wrist shot by Travis Hamonic.
19:45 of 2nd period - Deflect By Noah Cates.
19:45 of 2nd period - Stopped by Sam Montembeault without a rebound.
19:46 of 2nd period - Kirby Dach wins face-off versus Scott Laughton in Montreal Canadiens zone.
Goals for this period are 1 for Philadelphia Flyers vs 0 for Montreal Canadiens.
Shots for this period are 15 for Philadelphia Flyers vs 9 for Montreal Canadiens.

3rd period


0:01 of 3rd period - Josh Anderson wins face-off versus Scott Laughton in neutral zone.
0:03 of 3rd period - Off-side.
0:04 of 3rd period - Josh Anderson wins face-off versus Scott Laughton in neutral zone.
0:53 of 3rd period - Slapshot by Matt Benning.
0:53 of 3rd period - Deflect By Josh Norris.
0:53 of 3rd period - Stopped by Felix Sandstrom with a rebound.
0:55 of 3rd period - Snap shot by Rafael Harvey-Pinard.
0:55 of 3rd period - Goal by Rafael Harvey-Pinard - Philadelphia Flyers : 1 - Montreal Canadiens : 1.
0:56 of 3rd period - Josh Anderson wins face-off versus Scott Laughton in neutral zone.
1:36 of 3rd period - Snap shot by Cole Caufield.
1:36 of 3rd period - Shot Blocked by Travis Sanheim.
1:57 of 3rd period - Wrist shot by Nick Ritchie.
1:57 of 3rd period - Stopped by Sam Montembeault without a rebound.
1:58 of 3rd period - Scott Laughton wins face-off versus Sean Monahan in Montreal Canadiens zone.
1:59 of 3rd period - Slapshot by Vince Dunn.
1:59 of 3rd period - Stopped by Sam Montembeault without a rebound.
2:00 of 3rd period - Josh Anderson wins face-off versus Scott Laughton in Montreal Canadiens zone.
2:28 of 3rd period - Off-side.
2:29 of 3rd period - Morgan Frost wins face-off versus Kirby Dach in neutral zone.
2:34 of 3rd period - Slapshot by Cole Caufield.
2:34 of 3rd period - Shot Blocked by Travis Sanheim.
2:36 of 3rd period - Slapshot by Kirby Dach.
2:36 of 3rd period - Stopped by Felix Sandstrom with a rebound.
3:44 of 3rd period - Cole Caufield is hit by Vince Dunn and loses puck.
3:51 of 3rd period - Wrist shot by Ryan Donato.
3:51 of 3rd period - Stopped by Sam Montembeault with a rebound.
3:53 of 3rd period - Wrist shot by Mark Kastelic.
3:53 of 3rd period - Shot Misses the Net.
4:30 of 3rd period - Snap shot by Christian Dvorak.
4:30 of 3rd period - Shot Misses the Net.
4:32 of 3rd period - Snap shot by Vladislav Namestnikov.
4:32 of 3rd period - Stopped by Felix Sandstrom with a rebound.
4:34 of 3rd period - Wrist shot by Vladislav Namestnikov.
4:34 of 3rd period - Deflect By Christian Dvorak.
4:34 of 3rd period - Goal by Christian Dvorak - Philadelphia Flyers : 1 - Montreal Canadiens : 2.
4:35 of 3rd period - Scott Laughton wins face-off versus Josh Anderson in neutral zone.
4:37 of 3rd period - Off-side.
4:38 of 3rd period - Josh Anderson wins face-off versus Scott Laughton in neutral zone.
4:47 of 3rd period - Snap shot by Josh Anderson.
4:47 of 3rd period - Shot Misses the Net.
5:33 of 3rd period - Snap shot by Josh Norris.
5:33 of 3rd period - Shot Blocked by Johnathan Kovacevic.
6:15 of 3rd period - Christian Dvorak is hit by Travis Sanheim and loses puck.
6:26 of 3rd period - Snap shot by Christian Dvorak.
6:26 of 3rd period - Shot Blocked by Morgan Frost.
6:50 of 3rd period - Wrist shot by Cole Caufield.
6:50 of 3rd period - Shot Blocked by Sean Walker.
6:53 of 3rd period - Icing by Sean Walker.
6:54 of 3rd period - Scott Laughton wins face-off versus Josh Anderson in Philadelphia Flyers zone.
7:25 of 3rd period - Backhand shot by Noah Cates.
7:25 of 3rd period - Shot Misses the Net.
7:27 of 3rd period - Snap shot by Scott Laughton.
7:27 of 3rd period - Shot Blocked by Sean Monahan.
7:29 of 3rd period - Wrist shot by Christian Fischer.
7:29 of 3rd period - Shot Blocked by Alexander Edler.
7:33 of 3rd period - Slapshot by Noah Cates.
7:33 of 3rd period - Stopped by Sam Montembeault without a rebound.
7:34 of 3rd period - Kirby Dach wins face-off versus Morgan Frost in Montreal Canadiens zone.
7:39 of 3rd period - Garnet Hathaway is hit by Kirby Dach and loses puck.
7:45 of 3rd period - Minor Penalty to Vince Dunn for Tripping.
7:46 of 3rd period - Mark Kastelic wins face-off versus Josh Anderson in Philadelphia Flyers zone.
7:54 of 3rd period - Wrist shot by Mike Matheson.
7:54 of 3rd period - Shot Blocked by Ryan Donato.
7:56 of 3rd period - Snap shot by Derick Brassard.
7:56 of 3rd period - Goal by Derick Brassard - Philadelphia Flyers : 1 - Montreal Canadiens : 3.
7:57 of 3rd period - Josh Norris wins face-off versus Josh Anderson in neutral zone.
8:02 of 3rd period - Wrist shot by Sean Monahan.
8:02 of 3rd period - Stopped by Felix Sandstrom with a rebound.
8:10 of 3rd period - Wrist shot by Josh Anderson.
8:10 of 3rd period - Shot Blocked by Vince Dunn.
8:12 of 3rd period - Slapshot by Alexander Edler.
8:12 of 3rd period - Stopped by Felix Sandstrom without a rebound.
8:13 of 3rd period - Morgan Frost wins face-off versus Kirby Dach in Philadelphia Flyers zone.
9:00 of 3rd period - Icing by Vince Dunn.
9:01 of 3rd period - Morgan Frost wins face-off versus Josh Anderson in Philadelphia Flyers zone.
9:30 of 3rd period - Alex Newhook is hit by Nick Ritchie.
9:42 of 3rd period - Snap shot by Nick Ritchie.
9:42 of 3rd period - Stopped by Sam Montembeault with a rebound.
10:14 of 3rd period - Cam York is hit by Alexander Edler and loses puck.
10:32 of 3rd period - Slapshot by Travis Sanheim.
10:32 of 3rd period - Shot Blocked by Matt Benning.
10:34 of 3rd period - Slapshot by Joel Farabee.
10:34 of 3rd period - Shot Misses the Net.
10:36 of 3rd period - Snap shot by Travis Sanheim.
10:36 of 3rd period - Shot Misses the Net.
10:54 of 3rd period - Snap shot by Cole Caufield.
10:54 of 3rd period - Shot Blocked by Nick Ritchie.
11:18 of 3rd period - Wrist shot by Ryan Donato.
11:18 of 3rd period - Shot Misses the Net.
11:28 of 3rd period - Scott Laughton is hit by Rafael Harvey-Pinard and loses puck.
11:51 of 3rd period - Vladislav Namestnikov is hit by Morgan Frost and loses puck.
11:56 of 3rd period - Snap shot by Joel Farabee.
11:56 of 3rd period - Stopped by Sam Montembeault with a rebound.
12:20 of 3rd period - Johnathan Kovacevic is hit by Nick Ritchie and loses puck.
12:40 of 3rd period - Snap shot by Noah Cates.
12:40 of 3rd period - Shot Blocked by Mike Matheson.
12:46 of 3rd period - Snap shot by Mike Matheson.
12:46 of 3rd period - Deflect By Josh Anderson.
12:46 of 3rd period - Stopped by Felix Sandstrom without a rebound.
12:47 of 3rd period - Mark Kastelic wins face-off versus Kirby Dach in Philadelphia Flyers zone.
13:02 of 3rd period - Off-side.
13:03 of 3rd period - Scott Laughton wins face-off versus Josh Anderson in neutral zone.
13:10 of 3rd period - Snap shot by Scott Laughton.
13:10 of 3rd period - Shot Misses the Net.
13:12 of 3rd period - Slapshot by Christian Fischer.
13:12 of 3rd period - Stopped by Sam Montembeault with a rebound.
13:14 of 3rd period - Backhand shot by Scott Laughton.
13:14 of 3rd period - Deflect By Noah Cates.
13:14 of 3rd period - Shot Misses the Net.
13:14 of 3rd period - Puck is out of play.
13:15 of 3rd period - Josh Norris wins face-off versus Josh Anderson in Montreal Canadiens zone.
13:50 of 3rd period - Snap shot by Cole Caufield.
13:50 of 3rd period - Stopped by Felix Sandstrom with a rebound.
13:54 of 3rd period - Wrist shot by Cole Caufield.
13:54 of 3rd period - Stopped by Felix Sandstrom with a rebound.
14:06 of 3rd period - Slapshot by Morgan Frost.
14:06 of 3rd period - Shot Misses the Net.
14:46 of 3rd period - Wrist shot by Nick Ritchie.
14:46 of 3rd period - Stopped by Sam Montembeault without a rebound.
14:47 of 3rd period - Josh Anderson wins face-off versus Josh Norris in Montreal Canadiens zone.
15:02 of 3rd period - Snap shot by Nick Ritchie.
15:02 of 3rd period - Stopped by Sam Montembeault with a rebound.
15:04 of 3rd period - Wrist shot by Miles Wood.
15:04 of 3rd period - Stopped by Sam Montembeault without a rebound.
15:05 of 3rd period - Scott Laughton wins face-off versus Derick Brassard in Montreal Canadiens zone.
15:06 of 3rd period - Slapshot by Noah Cates.
15:06 of 3rd period - Shot Misses the Net.
15:36 of 3rd period - Matt Benning is hit by Sean Walker and loses puck.
16:06 of 3rd period - Off-side.
16:07 of 3rd period - Kirby Dach wins face-off versus Morgan Frost in neutral zone.
16:15 of 3rd period - Snap shot by Joel Farabee.
16:15 of 3rd period - Stopped by Sam Montembeault without a rebound.
16:16 of 3rd period - Josh Norris wins face-off versus Josh Anderson in Montreal Canadiens zone.
16:45 of 3rd period - Noah Cates is hit by Rafael Harvey-Pinard.
17:23 of 3rd period - Slapshot by Josh Anderson.
17:23 of 3rd period - Stopped by Felix Sandstrom with a rebound.
18:05 of 3rd period - Slapshot by Noah Cates.
18:05 of 3rd period - Goal by Noah Cates - Philadelphia Flyers : 2 - Montreal Canadiens : 3.
18:06 of 3rd period - Josh Norris wins face-off versus Josh Bailey in neutral zone.
18:38 of 3rd period - Slapshot by Kaiden Guhle.
18:38 of 3rd period - Stopped by Felix Sandstrom without a rebound.
18:38 of 3rd period - Minor Penalty to Felix Sandstrom for Slashing.
18:39 of 3rd period - Mark Kastelic wins face-off versus Sean Monahan in Philadelphia Flyers zone.
19:17 of 3rd period - Off-side.
19:18 of 3rd period - Anders Hagen call a timeout for Philadelphia Flyers.
19:18 of 3rd period - Josh Norris wins face-off versus Sean Monahan in neutral zone.
19:33 of 3rd period - Icing by Mike Matheson.
19:34 of 3rd period - Mark Kastelic wins face-off versus Sean Monahan in Montreal Canadiens zone.
19:35 of 3rd period - Snap shot by Ryan Donato.
19:35 of 3rd period - Stopped by Sam Montembeault without a rebound.
19:36 of 3rd period - Mark Kastelic wins face-off versus Sean Monahan in Montreal Canadiens zone.
19:39 of 3rd period - Slapshot by Cam York.
19:39 of 3rd period - Shot Blocked by Derick Brassard.
Goals for this period are 1 for Philadelphia Flyers vs 3 for Montreal Canadiens.
Shots for this period are 13 for Philadelphia Flyers vs 13 for Montreal Canadiens.